AoeStats
← 牛欢喜

African Clearing

505045566Analyzed
4v4 RM · 24d ago on Sep 7, 2026· 35m 10s· 8 players
Game mode
Random Map
Map size
Large (8 player)
Population
200
Speed
Normal
Resources
Standard
Victory
Conquest
Starting age
Dark Age
Ending age
Imperial Age
RankedLock teamsTeams togetherTeam positionsShared explorationLock speedFull tech treeHidden civsTurbo modeCheats
Victory
Defeat
🇨🇳 Wei · China
1586
+13
🇷🇪 Hindustanis · Réunion
1553
+14
🇨🇳 Saracens · China
1529
+15
🇫🇷 Byzantines · France
1514
+16
🇨🇭 Vikings · Switzerland
1575
-17
🇺🇸 Bulgarians · United States
1517
-15
🇧🇪 Mapuche · Belgium
1484
-13
🇸🇮 Burmese · Slovenia
1476
-13
La Baguette
3:38 Loom
11:48 Feudal Age
12:20 Double-Bit Axe
13:49 Bloodlines
16:53 Forging
17:42 Horse Collar
18:58 Scale Barding Armor
23:00 Castle Age
21:54 Gold Mining
23:02 Light Cavalry
24:03 Chain Barding Armor
26:55 Husbandry
28:50 Iron Casting
28:05 Fletching
28:45 Fletching
30:17 Town Watch
34:35 Wheelbarrow
牛欢喜
9:58 Loom
13:12 Feudal Age
14:16 Double-Bit Axe
17:04 Castle Age
16:53 Town Watch
20:47 Horse Collar
28:05 Wheelbarrow
29:46 Forging
31:31 Iron Casting
33:25 Gold Mining
33:51 Husbandry
34:01 Bloodlines
34:35 Scale Barding Armor
咸酸菜
9:17 Loom
12:29 Feudal Age
12:56 Man-at-Arms
17:24 Arson
18:11 Town Watch
19:16 Double-Bit Axe
19:13 Horse Collar
24:23 Castle Age
24:13 Fletching
25:04 Bodkin Arrow
25:11 Padded Archer Armor
32:55 Ballistics
Obélix
10:02 Loom
13:37 Feudal Age
17:31 Castle Age
16:30 Double-Bit Axe
19:05 Wheelbarrow
19:06 Bow Saw
21:24 Horse Collar
30:08 Heavy Plow
34:48 Imperial Age
32:22 Fletching
32:35 Padded Archer Armor
32:24 Elite Skirmisher
32:56 Fletching
33:22 Stone Mining
33:22 Gold Mining
34:58 Bodkin Arrow
35:18 Leather Archer Armor
34:33 Pikeman
Igris
3:36 Loom
13:12 Feudal Age
15:21 Town Watch
18:59 Castle Age
18:09 Double-Bit Axe
18:04 Horse Collar
27:39 Bow Saw
33:32 Heavy Plow
Moosetation21
5:42 Loom
13:33 Feudal Age
16:16 Bloodlines
16:12 Scale Barding Armor
18:09 Castle Age
17:56 Forging
27:32 Fletching
28:53 Horse Collar
29:00 Double-Bit Axe
32:37 Wheelbarrow
32:13 Bow Saw
34:07 Bodkin Arrow
Mr. Weedman
6:48 Loom
14:19 Feudal Age
18:14 Castle Age
19:54 Padded Archer Armor
19:57 Husbandry
31:55 Bloodlines
Dangel2K
11:47 Loom
14:27 Feudal Age
18:44 Castle Age
24:33 Fletching
28:59 Double-Bit Axe
35:01 Ballistics
Connection lost

Rejoining the realm…

Still unreachable

The connection could not be restored.

Session expired

The server has moved on; the page needs a fresh start.